 Dungeon Crawl Stone Soup version 0.31-a0-202-g547052bce9 (webtiles) character file.

Game seed: 15964395467005573163

78 qw the Shooter (level 4, -1/25 HPs)
             Began as a Deep Elf Hunter on June 26, 2023.
             Slain by a gnoll
             ... wielding a +0 halberd
              (4 damage)
             ... on level 2 of the Dungeon.
             The game lasted 00:00:25 (837 turns).

qw the Shooter (Deep Elf Hunter)                     Turns: 837, Time: 00:00:26

Health: -1/25      AC:  4    Str: 10    XL:     4   Next: 15%
Magic:  6/6        EV: 12    Int: 14    God:
Gold:   98         SH:  0    Dex: 18    Spells: 3/3 levels left

rFire   . . .        a - +0 shortbow
rCold   . . .        (shield currently unavailable)
rNeg    . . .        c - +0 leather armour
rPois   .            (no helmet)
rElec   .            f - +0 cloak
rCorr   .            (no gloves)
SInv    .            (no boots)
Will    .....        (no amulet)
Stlth   ++           (no ring)
HPRegen 0.24/turn    (no ring)
MPRegen 0.10/turn

%: no passive effects
@: no status effects
A: no striking features
a: no special abilities


You were on level 2 of the Dungeon.
You visited 1 branch of the dungeon, and saw 2 of its levels.

You collected 98 gold pieces.


   Skills:
 - Level 1.5 Fighting
 + Level 7.6 Ranged Weapons
 - Level 2.4 Dodging
 - Level 1.2 Stealth


You had 3 spell levels left.
You didn't know any spells.
Your spell library was empty.

Inventory:

Hand Weapons
 a - a +0 shortbow (weapon)
Armour
 b - a +0 ring mail
 c - a +0 leather armour (worn)
 f - a +0 cloak (worn)
Jewellery
 g - a +6 ring of dexterity
Scrolls
 h - a scroll of identify {unknown}
Potions
 d - a potion of heal wounds {unknown}
 e - a potion of attraction {unknown}
 i - a potion of haste {unknown}

Dungeon Overview and Level Annotations

Branches:
Dungeon (2/15)

Altars:
Hepliaklqana


Message History

A goblin comes into view. It is wielding a +0 club.
The bat closely misses you.
You shoot an arrow.
The arrow hits the bat but does no damage.
You hear a shout!
The bat closely misses you. The bat barely misses you.
The gnoll barely misses you.
You hear an angry hiss.
You shoot an arrow. The arrow barely misses the bat.
The arrow hits the goblin.
The goblin is heavily wounded.
The bat barely misses you.
The gnoll hits you from afar with a +0 spear.
The bat closely misses you.
An adder comes into view.
You shoot an arrow. The arrow hits the goblin.
You kill the goblin!
The bat hits you but does no damage.
A gnoll comes into view. It is wielding a +0 halberd.
The gnoll misses you.
You shoot an arrow. The arrow hits the bat!
You kill the bat!
The gnoll hits you from afar with a +0 halberd!
The gnoll misses you.
You shoot an arrow.
The arrow hits the gnoll but does no damage.
The gnoll is severely wounded.
A gnoll comes into view. It is wielding a +0 spear.
The gnoll barely misses you.
The gnoll hits you from afar with a +0 halberd!
The gnoll barely misses you.
The gnoll hits you from afar with a +0 spear.
The gnoll moves out of view.
You shoot an arrow. The arrow closely misses the gnoll.
The arrow hits the adder.
The adder is lightly wounded.
The gnoll closely misses you. x2
You shoot an arrow. The arrow closely misses the gnoll.
The arrow closely misses the adder.
The gnoll hits you from afar with a +0 halberd.
You die...

#.##.....#### #.......
#.##).......########.......
#.##.....##..)..........###
#......)#######...........#
#.####### ########.##.#.#
#######.# .# #S..# #.##.#..
...%....# ##)#gg.. #.##.###
.###....# #.#.)# #.##.#
......#.#######.@# ###...
.###..#......#..## .# ..#
.# #.%.......#.## #.# ..# #
.###.#########..## #..#
#... . ..##.# ##..## #..# #
..##.## #.#%.###..# .
<.##..## ##.#).#..# #
.%##...# #.#.#...# # #
..###.## ######.## ##.####


You could see 2 gnolls and an adder.

Vanquished Creatures
  Natasha (D:1)
  An adder (D:2)
  2 worms (D:2)
  3 bats
  3 endoplasms
  A giant cockroach (D:2)
  6 goblins
  2 hobgoblins
  3 kobolds
  2 quokkas (D:1)
  7 ball pythons
  A frilled lizard (D:2)
  2 rats
34 creatures vanquished.

Notes
Turn   | Place    | Note
-------+----------+-------------------------------------------
     0 | D:1      | qw the Deep Elf Hunter began the quest for the Orb.
     0 | D:1      | Reached XP level 1. HP: 12/12 MP: 3/3
     0 | D:1      | 0 ||| qw: Version: 0.3-a-22-g0ed2b0b
     0 | D:1      | 0 ||| qw: Game counter: 6341
     0 | D:1      | 0 ||| qw: Melee chars always use a shield: true
     0 | D:1      | 0 ||| qw: God list: Okawaru
     0 | D:1      | 0 ||| qw: Allow faded altars: false
     0 | D:1      | 0 ||| qw: Do Orc after clearing Dungeon:15 true
     0 | D:1      | 0 ||| qw: Do second Lair branch before Depths: true
     0 | D:1      | 0 ||| qw: Lair rune preference: random
     0 | D:1      | 0 ||| qw: Goals: Normal
     0 | D:1      | 0 ||| PLANNING D:1-11
   164 | D:1      | Reached skill level 6 in Ranged Weapons
   164 | D:1      | Reached XP level 2. HP: 16/16 MP: 4/4
   186 | D:1      | Found a faded altar of an unknown god.
   271 | D:1      | 271 ||| DROPPING +1 sling of draining.
   360 | D:1      | 360 ||| UPGRADING to +0 cloak.
   365 | D:1      | 365 ||| DROPPING scroll of butterflies.
   387 | D:2      | Noticed Natasha
   391 | D:2      | 391 ||| STAIRDANCE
   397 | D:1      | Killed Natasha
   398 | D:1      | Reached XP level 3. HP: 9/20 MP: 5/5
   449 | D:2      | 449 ||| STAIRDANCE
   494 | D:2      | Reached skill level 7 in Ranged Weapons
   612 | D:2      | Found a hazy altar of Hepliaklqana.
   731 | D:2      | Reached XP level 4. HP: 16/25 MP: 6/6
   835 | D:2      | HP: 5/25 [gnoll/+0 halberd (8)]
   835 | D:2      | HP: 2/25 [gnoll/+0 spear (3)]
   837 | D:2      | Slain by a gnoll

Levels and vault maps discovered:
D:1:      elethiomel_arrival_quiet, layout_rooms,
          dreamdust_ecumenical_altar_hidden_monk_grotto
D:2:      minmay_diamond_boxcup, layout_loops_ring, basic_altar,
          grunt_decor_fettered, minivault_25, uniq_crazy_yiuf_cottage,
          uniq_natasha, uniq_robin

Skill      XL: |  1  2  3 |
---------------+----------+-----
Ranged Weapons | 6 7 |  7.6
Fighting       | |  1.5
Dodging        | |  2.4
Stealth        | |  1.2

Action                     |  1- 3 |  4- 6 || total
---------------------------+-------+-------++-------
   Fire: Shortbow          |    83 |    14 ||    97
 Armour: Leather armour    |    10 |     1 ||    11
  Dodge: Dodged            |    18 |    16 ||    34

Table legend:
 A = Non-vault XP
 B = Vault XP
 C = Vault XP percentage of total XP
 D = Non-vault monster count
 E = Vault monster count
 F = Vault count percentage of total count
                 A         B        C        D         E       F
            +---------+---------+-------+---------+---------+-------
      Total |      66 |      46 |  41.1 |      28 |       6 |  17.6
            +---------+---------+-------+---------+---------+-------
        D:1 |      22 |      37 |  62.7 |      13 |       1 |   7.1
        D:2 |      44 |       9 |  17.0 |      15 |       5 |  25.0
            +---------+---------+-------+---------+---------+-------
